 Dungeon Crawl Stone Soup version 0.26-a0-812-g31a745ddcd (webtiles) character file.

Game seed: 10206913539711523575

149 funkygono the Protected (level 5, -4/55 HPs)
             Began as a Gnoll Wanderer on Nov 20, 2020.
             Slain by Crazy Yiuf
             ... wielding a +2 quarterstaff of chaos
              (16 damage)
             ... on level 3 of the Dungeon.
             The game lasted 00:04:59 (3495 turns).

funkygono the Protected (Gnoll Wanderer)            Turns: 3495, Time: 00:05:00

Health: -4/55      AC: 22    Str: 15    XL:     5   Next: 31%
Magic:  7/7        EV:  2    Int: 19    God:
Gold:   212        SH:  0    Dex: 16    Spells: 2/6 levels left

rFire    . . .     SeeInvis .   a - +0 hand axe
rCold    . . .     Faith    .   (no shield)
rNeg     + + +     Spirit   .   (armour currently unavailable)
rPois    +         Reflect  .   (helmet currently unavailable)
rElec    .         Harm     .   (cloak currently unavailable)
rCorr    .         Rampage  .   (gloves currently unavailable)
MR       .....     NoTele   +   (boots currently unavailable)
Stlth    ++........             n - amulet of magic regeneration (curse)
HPRegen  0.18/turn              k - +6 ring of intelligence
MPRegen  0.35/turn              (no ring)

@: agile, tree-form, very slightly contaminated, invisible
A: distributed training, strong nose
a: no special abilities


You were on level 3 of the Dungeon.
You were a tree.
You visited 1 branch of the dungeon, and saw 3 of its levels.

You collected 212 gold pieces.

Inventory:

Hand Weapons
 a - a +0 hand axe (weapon)
Missiles
 d - 38 arrows
 j - 13 bolts
Armour
 c - a +2 scale mail
 o - a +1 ring mail of fire resistance (melded)
Jewellery
 k - a +6 ring of intelligence (left branch)
 n - a cursed amulet of magic regeneration (around neck)
 r - an uncursed ring of protection from magic {unknown}
Wands
 m - a wand of acid (11)
Scrolls
 b - 2 scrolls of identify
 i - a scroll of remove curse
 p - a scroll of fog {unknown}
 s - a scroll of blinking {unknown}
 u - a scroll of teleportation
Potions
 g - a potion of heal wounds {unknown}
 h - a potion of attraction {unknown}
 l - 4 potions of brilliance
 q - a potion of lignification
 t - a potion of flight {unknown}


   Skills:
 + Level 1.4 Fighting
 + Level 1.4 Short Blades
 + Level 1.4 Long Blades
 + Level 2.9 Axes
 + Level 1.4 Maces & Flails
 + Level 1.4 Polearms
 + Level 1.4 Staves
 + Level 1.4 Slings
 + Level 1.4 Bows
 + Level 1.4 Crossbows
 + Level 1.4 Throwing
 + Level 8.6 Armour
 + Level 1.4 Dodging
 + Level 1.4 Stealth
 + Level 4.7 Shields
 + Level 1.4 Unarmed Combat
 + Level 1.4 Spellcasting
 + Level 3.9 Conjurations
 + Level 2.3 Hexes
 + Level 1.1 Summonings
 + Level 1.1 Necromancy
 + Level 1.1 Translocations
 + Level 1.1 Transmutations
 + Level 1.1 Fire Magic
 + Level 1.1 Ice Magic
 + Level 1.1 Air Magic
 + Level 1.1 Earth Magic
 + Level 1.1 Poison Magic
 + Level 1.6 Invocations
 + Level 1.4 Evocations


You had 2 spell levels left.
You knew the following spells:

 Your Spells              Type           Power        Failure   Level
a - Freeze                Ice            #...         11%         1
b - Ozocubu's Armour      Ice            #.......     32%         3

Your spell library contained the following spells:

 Spells                   Type           Power        Failure   Level


Dungeon Overview and Level Annotations

Branches:
Dungeon (3/15)

Altars:

Annotations:
D:3 Crazy Yiuf


Innate Abilities, Weirdness & Mutations

Your experience applies equally to all skills.
((You have very sharp teeth.))
Your uncanny sense of smell can sniff out nearby items.


Message History

You feel agile all of a sudden.
Okay, then.
It was a potion of invisibility.
You fade into invisibility!
Crazy Yiuf grits, "Prologue!
Pitchfork tired illywillydillykilly."
Crazy Yiuf hits you but does no damage.
You are very lightly contaminated with residual magic.
It was a potion of curing.
You feel better. Crazy Yiuf hits you but does no damage.
You completely miss Crazy Yiuf.
Crazy Yiuf is severely wounded.
Crazy Yiuf hits you but does no damage.
You hit Crazy Yiuf but do no damage.
Crazy Yiuf is severely wounded.
Crazy Yiuf hits you but does no damage.
You catch the helpless Crazy Yiuf completely off-guard!
You hit Crazy Yiuf.
Crazy Yiuf is severely wounded.
Crazy Yiuf hits you but does no damage.
You are electrocuted!
You die...

#..######......#
########..#
######.####.##
..........#
#........
########..#
##### #.####.##
##.# #..)# #.#
##########.#
#...# #<#
...........# ...
##.#
############ #g#
#.# ### ♣♣♣♣ .#
..# ♣.♣♣ # #....
∆ ♣♣.♣ ∆ # ♣.♣♣
♣♣.♣♣ . ♣...♣♣
#.... ♣....♣
#.#.# #....#
#.#.# ∆ #....#
##.#.#


You could see Crazy Yiuf.

Vanquished Creatures
  An orc wizard (D:3)
  A hound skeleton (D:2)
  5 adders (D:2)
  A worm (D:3)
  2 dart slugs (D:2)
  A leopard gecko (D:1)
  4 orcs (D:3)
  A ball python (D:2)
  A giant cockroach (D:1)
  5 goblins
  7 hobgoblins
  3 jackals (D:3)
  7 bats
  5 frilled lizards (D:1)
  8 kobolds
  7 rats
59 creatures vanquished.

Notes
Turn   | Place    | Note
-------+----------+-------------------------------------------
     0 | D:1      | funkygono the Gnoll Wanderer began the quest for the Orb.
     0 | D:1      | funkygono set off with the following items: a +0 hand axe,
                  | a +2 scale mail; and the following spell memorised: Freeze;
                  | and the following spells available to memorise: Ozocubu's
                  | Armour
     0 | D:1      | Reached XP level 1. HP: 13/13 MP: 1/1
   377 | D:1      | Reached XP level 2. HP: 19/19 MP: 2/2
  1244 | D:1      | Reached XP level 3. HP: 25/25 MP: 1/3
  1393 | D:2      | Reached skill level 1 in Invocations
  1519 | D:2      | Reached skill level 1 in Fighting
  1519 | D:2      | Reached skill level 1 in Short Blades
  1519 | D:2      | Reached skill level 1 in Long Blades
  1519 | D:2      | Reached skill level 1 in Maces & Flails
  1519 | D:2      | Reached skill level 1 in Polearms
  1519 | D:2      | Reached skill level 1 in Staves
  1519 | D:2      | Reached skill level 1 in Slings
  1519 | D:2      | Reached skill level 1 in Bows
  1519 | D:2      | Reached skill level 1 in Crossbows
  1519 | D:2      | Reached skill level 1 in Throwing
  1519 | D:2      | Reached skill level 1 in Dodging
  1519 | D:2      | Reached skill level 1 in Stealth
  1519 | D:2      | Reached skill level 1 in Unarmed Combat
  1519 | D:2      | Reached skill level 1 in Spellcasting
  1519 | D:2      | Reached skill level 1 in Evocations
  1740 | D:2      | Reached XP level 4. HP: 32/32 MP: 5/5
  2007 | D:2      | Reached skill level 1 in Summonings
  2007 | D:2      | Reached skill level 1 in Necromancy
  2007 | D:2      | Reached skill level 1 in Translocations
  2007 | D:2      | Reached skill level 1 in Transmutations
  2007 | D:2      | Reached skill level 1 in Fire Magic
  2007 | D:2      | Reached skill level 1 in Ice Magic
  2007 | D:2      | Reached skill level 1 in Air Magic
  2007 | D:2      | Reached skill level 1 in Earth Magic
  2007 | D:2      | Reached skill level 1 in Poison Magic
  2307 | D:2      | Learned a level 3 spell: Ozocubu's Armour
  2740 | D:3      | Reached XP level 5. HP: 18/37 MP: 4/7
  3473 | D:3      | Found a runed translucent door.
  3474 | D:3      | Noticed Crazy Yiuf
  3495 | D:3      | Slain by Crazy Yiuf

Illustrated notes

Levels and vault maps discovered:
D:1:      heliophobic_arrival_battle_scene, layout_basic,
          serial_co_window_serial, co_window_paths_b, co_window_paths_b,
          co_window_corner_a, co_window_of_opportunity_a, co_window_paths_b,
          co_window_broadway_c, co_window_broadway_c, co_window_broadway_a,
          co_window_cross_2, co_window_2corner, co_window_corner_b,
          co_window_paths_e, glass_columns_a, glass_columns_a, glass_columns_a,
          glass_columns_c, glass_columns_a, chequers_mini_garden, st_stairs_12
D:2:      layout_basic, corexii_item_surrounded_by_moat,
          kennysheep_generic_room_8
D:3:      layout_loops_ring, uniq_crazy_yiuf_cottage

Skill      XL: |  1  2  3  4 |
---------------+-------------+-----
Hexes          | 2 |  2.3
Invocations    | 1 |  1.6
Fighting       | 1 |  1.4
Short Blades   | 1 |  1.4
Long Blades    | 1 |  1.4
Maces & Flails | 1 |  1.4
Polearms       | 1 |  1.4
Staves         | 1 |  1.4
Slings         | 1 |  1.4
Bows           | 1 |  1.4
Crossbows      | 1 |  1.4
Throwing       | 1 |  1.4
Dodging        | 1 |  1.4
Stealth        | 1 |  1.4
Unarmed Combat | 1 |  1.4
Spellcasting   | 1 |  1.4
Evocations     | 1 |  1.4
Summonings     | 1 |  1.1
Necromancy     | 1 |  1.1
Translocations | 1 |  1.1
Transmutations | 1 |  1.1
Fire Magic     | 1 |  1.1
Ice Magic      | 1 |  1.1
Air Magic      | 1 |  1.1
Earth Magic    | 1 |  1.1
Poison Magic   | 1 |  1.1
Axes           | |  2.9
Armour         | |  8.6
Shields        | |  4.7
Conjurations   | |  3.9

Action                   |  1- 3 |  4- 6 || total
-------------------------+-------+-------++-------
Melee: Hand axe          |   127 |   125 ||   252
       Bite              |    12 |    15 ||    27
       Punch             |       |     2 ||     2
  Use: Scroll            |     2 |     1 ||     3
       Potion            |       |     3 ||     3
 Stab: Invisible         |       |     1 ||     1
Armor: Scale mail        |    92 |    22 ||   114
       Ring mail         |       |    25 ||    25
       Skin              |       |     6 ||     6
Dodge: Dodged            |    81 |    71 ||   152

Table legend: (Time is in decaauts)
 A = Elapsed time spent in this place.
 B = Non-inter-level travel time spent in this place.
 C = Inter-level travel time spent in this place.
 D = Time resting spent in this place.
 E = Time spent auto-exploring this place.
 F = Levels seen in this place.
 G = Mean time per level.
                   A        B        C        D        E       F      G
               +--------+--------+--------+--------+--------+-----+--------+
         Total |   3536 |   3486 |     50 |      5 |   2861 |   3 | 1178.7 |
       Dungeon |   3536 |   3486 |     50 |      5 |   2861 |   3 | 1178.7 |
               +--------+--------+--------+--------+--------+-----+--------+

Top non-repeatable levels by time:
     D:1: 1377 daAuts
     D:2: 1294 daAuts
     D:3: 864 daAuts
